Map: Cactus Valley LE (Void)

Players

TheFav

  • Race: Terran Terran
  • League: Grandmaster

Javert - Winner!

  • Race: Zerg Zerg
  • League: Grandmaster

VOD

Have the link to the VOD?

Description

Time

  • Played on: June 24, 2015, 12:07 a.m.
  • Length: 11:06
Show
View Real Time Build Order
Export as new Build Order

TheFav Terran 

Build Orders: MMM Bio 

Get SALT Encoding   

  12  0:01  SCV  
  13  0:13  SCV  
  14  0:24  Supply Depot  
  14  0:25  SCV  
  15  0:37  Refinery  
  15  0:46  SCV  
  15  0:47  Barracks  
  16  0:58  SCV, Supply Depot  
  17  1:10  SCV  
  18  1:15  Barracks  
  18  1:22  SCV  
  19  1:35  Reaper  
  19  1:39  Orbital Command  
  20  1:46  Refinery  
  20  2:02  Barracks Tech Lab  
  20  2:07  Reaper  
  20  2:08  SCV  
  22  2:20  Command Center  
  22  2:24  Concussive Shells  
  22  2:32  Reaper  
  22  2:34  SCV  
  24  2:44  Reaper  
  24  2:46  SCV  
  27  2:58  SCV  
  27  3:09  Factory  
  27  3:10  SCV  
  28  3:21  Barracks Tech Lab  
  28  3:22  SCV, Marauder  
  31  3:44  Marauder, Orbital Command  
  31  3:54  Marauder  
  32  3:58  Factory Reactor  
  31  4:02  Starport  
  31  4:05  Marauder  
  33  4:11  Stimpack  
  33  4:15  Marauder  
  34  4:27  Marauder  
  36  4:40  SCV  
  37  4:47  Orbital Command  
  37  4:51  Starport Reactor  
  37  4:52  SCV  
  40  4:53  Hellion x2  
  40  4:56  Marine x2  
  44  5:00  Combat Shields  
  44  5:10  Engineering Bay  
  44  5:13  Marine  
  45  5:14  Marine  
  46  5:37  SCV x2, Hellion x2  
  46  5:38  Marauder x2  
  56  5:46  Medivac x2  
  56  5:49  SCV x2  
  62  6:22  Supply Depot  
  62  6:31  SCV  
  62  6:33  Marauder  
  62  6:34  Medivac  
  62  6:35  Marauder  
  62  6:44  SCV x2, Hellion x2, Medivac  
  70  6:53  Supply Depot  
  70  6:54  Supply Depot  
  70  6:56  Supply Depot  
  70  7:02  SCV x2  
  70  7:04  Marauder x2  
  70  7:06  Hellion  
  70  7:11  Hellion  
  70  7:15  SCV  
  71  7:25  Marauder  
  71  7:26  Marauder  
  71  7:29  Medivac x2  
  77  7:33  Hellion  
  77  7:34  Hellion  
  75  7:47  Marauder x2  
  79  7:55  Hellion x2  
  83  8:03  Viking x2  
  87  8:08  Marauder  
  87  8:09  Marauder  
  87  8:10  SCV  
  87  8:11  SCV  
  93  8:22  SCV  
  93  8:24  SCV  
  93  8:35  SCV  
  94  8:50  Hellion  
  94  8:56  Marauder  
  94  9:10  SCV x2, Hellion, Marauder  
  94  9:12  Hellion, Refinery x2  
  102  9:17  Marauder  
  102  9:22  SCV x2  
  101  9:32  Hellion, Missile Turret, Marauder  
  101  9:33  Hellion  
  101  9:34  SCV x2  
  101  9:35  Barracks, Missile Turret  
  101  9:38  Missile Turret  
  97  9:41  Barracks  
  97  9:44  Missile Turret  
  85  9:46  SCV x2  
  85  9:47  Missile Turret  
  85  9:52  Missile Turret  
  71  9:53  Hellion  
  71  9:55  Widow Mine  
  71  9:58  SCV  
  71  9:59  SCV, Marine x2  
  77  10:14  Widow Mine  
  71  10:16  Marine  
  71  10:17  Marine  
  78  10:27  Widow Mine  
  80  10:34  Marine  
  80  10:35  Marine  
Show
View Real Time Build Order
Export as new Build Order

Javert Zerg - Winner!

Build Orders: Hatch First 

Get SALT Encoding   

  12  0:01  Drone  
  13  0:13  Overlord  
  13  0:22  Drone  
  14  0:32  Drone x2  
  16  0:51  Hatchery  
  16  0:54  Drone  
  16  0:58  Extractor  
  16  1:01  Drone  
  16  1:03  Drone  
  17  1:10  Drone  
  18  1:26  Spawning Pool  
  18  1:27  Drone  
  18  1:31  Drone  
  19  1:40  Drone  
  20  1:51  Drone  
  21  2:04  Drone  
  22  2:12  Metabolic Boost  
  22  2:13  Queen x2  
  22  2:15  Overlord  
  27  2:22  Zergling x2  
  27  2:23  Zergling x2  
  28  2:34  Zergling x4  
  28  2:35  Zergling x2  
  31  2:38  Zergling x2  
  32  3:04  Drone x2  
  32  3:05  Drone x2  
  36  3:06  Overlord  
  36  3:21  Overlord  
  35  3:41  Zergling x10  
  36  3:42  Zergling x4  
  39  3:50  Drone x4  
  41  4:03  Drone x2  
  41  4:09  Drone x2  
  45  4:18  Hatchery  
  45  4:20  Drone  
  45  4:21  Drone  
  46  4:30  Drone x4  
  46  4:31  Drone x2  
  51  4:43  Drone  
  51  4:44  Drone x2  
  52  4:51  Overlord x2  
  52  4:53  Lair  
  52  4:55  Queen, Extractor  
  52  4:56  Extractor x2  
  48  5:17  Spine Crawler x2  
  48  5:20  Spore Crawler  
  44  5:23  Drone x2  
  44  5:24  Drone x2  
  48  5:30  Queen  
  48  5:31  Overlord  
  50  5:39  Roach Warren  
  49  5:43  Zergling x20  
  57  5:57  Zergling x8  
  58  6:08  Zergling x18  
  58  6:16  Spire  
  56  6:24  Zergling x2  
  56  6:25  Zergling x8  
  57  6:37  Roach x4  
  62  6:43  Spine Crawler  
  61  6:47  Roach  
  61  6:48  Roach x3  
  61  6:50  Drone  
  61  6:51  Drone  
  57  7:14  Zergling x4  
  57  7:15  Zergling x12  
  59  7:27  Drone x3  
  60  7:36  Drone x8  
  60  7:37  Drone x2  
  64  8:00  Drone x7  
  71  8:12  Overlord  
  71  8:16  Mutalisk x5  
  80  8:35  Overlord x2  
  78  8:48  Mutalisk x2  
  78  8:49  Mutalisk x4  
  90  9:02  Mutalisk x8  
  92  9:09  Spine Crawler  
  105  9:12  Overlord x2  
  105  9:30  Extractor  
  95  9:33  Drone x2  
  95  9:36  Drone  
  95  9:37  Drone x6  
  91  9:50  Hatchery  
  91  9:52  Drone x6  
  96  9:54  Queen  
  96  9:57  Evolution Chamber  
  97  10:00  Evolution Chamber  
  97  10:01  Drone x2  
  98  10:28  Drone x4  
Tags
 
Add a new tag
Caveats
  • Supply blocks, unpowered buildings, or Contaminate may cause inaccurate times.
  • Supply counts are checked every 10 seconds.